 Dungeon Crawl Stone Soup version 0.29.1-15-g9cfb28693d (webtiles) character file.

Game seed: 7529856889682036948

56 croobank the Caller (level 3, -1/15 HPs)
             Began as a Felid Summoner on Feb 21, 2023.
             Succumbed to Sigmund's poison
             ... on level 2 of the Dungeon.
             The game lasted 00:18:05 (2611 turns).

croobank the Caller (Felid Summoner)                Turns: 2611, Time: 00:18:06

Health: -1/15      AC:  1    Str:  4    XL:     3   Next: 69%
Magic:  7/7        EV: 18    Int: 18    God:
Gold:   86         SH:  0    Dex: 16    Spells: 1/7 levels left
                                        Lives:  0   Deaths: 0

rFire   . . .      SeeInvis +   (weapon unavailable)
rCold   . . .      Faith    .   (shield unavailable)
rNeg    . . .      Spirit   .   (body armour unavailable)
rPois   .          Reflect  .   (helmet unavailable)
rElec   .          Harm     .   (cloak unavailable)
rCorr   .          Rampage  .   (gloves unavailable)
Will    .....                   (boots unavailable)
Stlth   +.........              (no amulet)
HPRegen 0.05/turn               (no ring)
MPRegen 0.10/turn               (no ring)

@: confused, brilliant, lethally poisoned (-1 -> -9), quick
A: very small, claws 1, fangs 3, see invisible, speed 1, shaggy fur 1, stealthy
paws, no weapons or thrown items, no armour, multi-lived
a: no special abilities


You were on level 2 of the Dungeon.
You visited 1 branch of the dungeon, and saw 2 of its levels.

You collected 86 gold pieces.

Inventory:

Wands
 h - a wand of polymorph (7)
Scrolls
 b - 3 scrolls of teleportation
 d - a scroll of magic mapping {unknown}
 e - a scroll of amnesia {unknown}
 f - a scroll of noise {unknown}
 j - a scroll of summoning {unknown}


   Skills:
 * Level 0.7 Fighting
 + Level 3.4 Dodging
 + Level 3.6 Stealth
 + Level 2.5 Spellcasting
 + Level 4.3 Summonings


You had one spell level left.
You knew the following spells:

 Your Spells              Type           Power      Damage    Failure   Level
a - Summon Small Mammal   Summ           100%       N/A       3%          1
b - Call Imp              Summ           26%        N/A       4%          2
c - Call Canine Familiar  Summ           26%        N/A       9%          3

Your spell library contained the following spells:

 Spells                   Type           Power      Damage    Failure   Level
 Summon Guardian Golem    Hex/Summ       15%        N/A       22%         3
 Ensorcelled Hibernation  Hex/Ice        6%         N/A       26%         2
 Spider Form              Tmut/Pois      3%         N/A       45%         3
 Summon Lightning Spire   Summ/Air       15%        N/A       56%         4
 Anguish                  Hex/Necr       1%         N/A       86%         4


Dungeon Overview and Level Annotations

Branches:
Dungeon (2/15)

Altars:

Shops:
D:2 (

Annotations:
D:2 Sigmund


Innate Abilities, Weirdness & Mutations

You have sharp claws.
You have razor-sharp teeth.
You have supernaturally acute eyesight. (SInv)
You cover ground quickly. (Speed+)
You are covered in fur. (AC +1)
Your paws help you pounce on unaware monsters.
You are incapable of wielding weapons or throwing items.
You cannot wear armour.
You gain extra lives every three experience levels.


Message History

It was a potion of ambrosia.
You are more confused.
You feel invigorated.
Sigmund says, "Now you see me, now you don't..."
Sigmund hits you from afar with a +2 scythe of venom.
You are poisoned.
It was a potion of brilliance.
You feel clever all of a sudden.
You feel sick.
Are you sure you want to stumble around while confused and next to your crimson imp?
Uppercase [Y]es or [N]o only, please.
Are you sure you want to stumble around while confused and next to your crimson imp?
You scratch your crimson imp but do no damage.
Your crimson imp disappears in a puff of smoke!
You feel sick. Sigmund casts a spell at you. The magic dart hits you!
Ouch! That really hurt!
You are too confused!
You bump into the rock wall.
You feel sick. Sigmund closely misses you.
You feel sick.
You barely miss Sigmund. Your bite misses Sigmund.
Sigmund is almost dead.
You feel sick. Sigmund misses you.
You bump into the rock wall.
You feel sick.
Sigmund points at you and mumbles some strange words.
The magic dart hits you.
You completely miss Sigmund.
Sigmund is almost dead.
You feel less invigorated.
You feel sick.
Sigmund hits you with a +2 scythe of venom!
Ouch! That really hurt!
* * * LOW HITPOINT WARNING * * *
You bump into the rock wall.
You feel sick.
You are no longer poisoned.
You bump into the rock wall.
Sigmund hits you with a +2 scythe of venom.
* * * LOW HITPOINT WARNING * * *
You are lethally poisoned!
You die...

...........<.#.# #.#
########
..#.....#....#.# #.#
#....####....#.# #.#
#....# #....#.# #.#
####..#
#....#.#####.### #
#.......###.#.......#
...........)#.###.#.#
.........####.#.....#
........ #.J@@#.#.###
.....)...###.#...#
....#....# #.....# ..
#..!.. #######
#...... ##.#†..#
....... ######
.......## .....#


You could see Sigmund and an endoplasm.

Vanquished Creatures
  A quokka (D:1)
  A rat (D:1)
2 creatures vanquished.

Vanquished Creatures (collateral kills)
  A worm (D:2)
  3 dart slugs
  4 ball pythons
  4 endoplasms
  A giant cockroach (D:2)
  5 goblins
  5 hobgoblins
  5 kobolds
  3 quokkas
  3 bats (D:1)
  3 frilled lizards
  2 rats (D:1)
39 creatures vanquished.

Grand Total: 41 creatures vanquished

Notes
Turn   | Place    | Note
-------+----------+-------------------------------------------
     0 | D:1      | croobank the Felid Summoner began the quest for the Orb.
     0 | D:1      | Reached XP level 1. HP: 7/7 MP: 4/4
   248 | D:1      | Reached XP level 2. HP: 11/11 MP: 0/6
   251 | D:1      | Learned a level 2 spell: Call Imp
  1353 | D:1      | Reached XP level 3. HP: 12/14 MP: 2/7
  1359 | D:1      | Learned a level 3 spell: Call Canine Familiar
  1712 | D:2      | Upgraded the game from 0.29.1-14-g9c671dbff4 to
                  | 0.29.1-15-g9cfb28693d
  1727 | D:2      | Noticed Sigmund
  2084 | D:2      | Found Selie's Weapon Emporium.
  2261 | D:2      | Found a faded altar of an unknown god.
  2611 | D:2      | Succumbed to Sigmund's poison

Illustrated notes

Levels and vault maps discovered:
D:1:      dpeg_arrival_connections, layout_basic
D:2:      layout_basic, shapermc_ecumenical_altar_venn, serial_shops,
          nicolae_shop_waterfront, uniq_sigmund

Skill      XL: |  1 |
---------------+----+-----
Dodging        | 3 |  3.4
Stealth        | 3 |  3.6
Fighting       | |  0.7
Spellcasting   | |  2.5
Summonings     | |  4.3

Action                   || total
-------------------------++-------
Melee: Unarmed           ||    11
 Cast: Summon Small Mamm ||    44
       Call Imp          ||    16
       Call Canine Famil ||     8
  Use: Potion            ||     4
       Scroll            ||     1
Dodge: Dodged            ||    15
